 Dungeon Crawl Stone Soup version 0.28.0 (webtiles) character file.

Game seed: 6346072653864621277

277710 AmazingTV the Peltast (level 19, -9/144 HPs)
             Began as a Minotaur Fighter on July 26, 2022.
             Was a High Priest of Okawaru.
             Mangled by an eleionoma (12 damage)
             ... on level 4 of the Swamp on July 27, 2022.
             The game lasted 08:01:42 (44838 turns).

AmazingTV the Peltast (Minotaur Fighter)           Turns: 44838, Time: 08:01:44

Health: -9/144     AC: 41    Str: 28    XL:     19   Next: 61%
Magic:  19/26      EV:  5    Int: 15    God:    Okawaru [*****.]
Gold:   2528       SH: 27    Dex: 19    Spells: 28/28 levels left

rFire   . . .      SeeInvis +   a - +9 demon trident (drain) {polearm}
rCold   + + .      Faith    .   n - +5 tower shield {reflect}
rNeg    . . .      Spirit   .   t - +8 orange crystal plate armour {Archmagi, Int+3 Clar, rare=g}
rPois   +          Reflect  +   g - +0 hat of Ziodywnefi {rPois Int+4 Dex-2}
rElec   +          Harm     .   R - +2 cloak of the Bagpipe {SInv}
rCorr   .          Rampage  .   h - +2 pair of gloves {infuse}
Will    ++...      Archmagi +   x - +0 pair of boots of Otaloth {rC++ Int-5 Stlth+}
Stlth   .......... Clarity  +   Q - amulet of regeneration
HPRegen 1.14/turn               B - ring of protection from fire
MPRegen 0.20/turn               L - ring of Oqoific {rF- Will+ Int+8 Dex+4}

@: finesse-ful, unable to read
A: horns 2, retaliatory headbutt, thin skeletal structure 1, agile 2, frail 2,
electricity resistance, inability to read while threatened
}: 2/15 runes: serpentine, slimy
a: Renounce Religion, Heroism, Finesse, Duel


You were on level 4 of the Swamp.
You worshipped Okawaru.
Okawaru was extremely pleased with you.
You visited 8 branches of the dungeon, and saw 38 of its levels.
You visited the Abyss 1 time.
You also visited: Sewer and Ice Cave.

You collected 4240 gold pieces.
You spent 1712 gold pieces at shops.


Innate Abilities, Weirdness & Mutations

You have a pair of horns on your head.
You reflexively headbutt those who attack you in melee.
You have a somewhat thin skeletal structure. (Dex +2, Stealth+)
You are very agile. (Dex +4)
You are very frail. (-20% HP)
You are resistant to electric shocks. (rElec)
You sometimes lose the ability to read scrolls when taking damage.


   Skills:
 + Level 18.6 Fighting
 - Level 12.3(16.2) Axes
 - Level 12.1(14.5) Maces & Flails
 - Level 12.7(15.0) Polearms
 - Level 5.0(12.2) Staves
 - Level 10.0 Slings
 + Level 16.3 Armour
 * Level 19.4 Shields
 - Level 5.2 Spellcasting
 + Level 11.2 Invocations
 + Level 10.2 Evocations


You had 28 spell levels left.
You didn't know any spells.
Your spell library contained the following spells:

 Spells                   Type           Power      Damage    Failure   Level
 Pain                     Necr           20%        1d5       99%         1
 Sandblast                Erth           10%        2d5       99%         1
 Corpse Rot               Necr/Air       10%        N/A       100%        2
 Ensorcelled Hibernation  Hex/Ice        10%        N/A       100%        2
 Passwall                 Tmut/Erth      4%         N/A       100%        2
 Poisonous Vapours        Pois/Air       10%        N/A       100%        2
 Sublimation of Blood     Necr           5%         N/A       100%        2
 Conjure Flame            Conj/Fire      5%         6-21      100%        3
 Frozen Ramparts          Ice            10%        1d3       100%        3
 Gell's Gravitas          Tloc           5%         N/A       100%        3
 Ignite Poison            Fire/Tmut/Pois 5%         N/A       100%        3
 Portal Projectile        Hex/Tloc       10%        N/A       100%        3
 Spider Form              Tmut/Pois      5%         N/A       100%        3
 Stone Arrow              Conj/Erth      10%        3d7       100%        3
 Teleport Other           Tloc           5%         N/A       100%        3
 Vampiric Draining        Necr           5%         2d6       100%        3
 Anguish                  Hex/Necr       2%         N/A       100%        4
 Dispel Undead            Necr           5%         3d7       100%        4
 Ice Form                 Ice/Tmut       5%         N/A       100%        4
 Olgreb's Toxic Radiance  Pois           5%         N/A       100%        4
 Petrify                  Tmut/Erth      5%         N/A       100%        4
 Sticky Flame             Conj/Fire      5%         2d3       100%        4
 Agony                    Necr           5%         N/A       100%        5
 Blade Hands              Tmut           2%         N/A       100%        5
 Excruciating Wounds      Necr           2%         N/A       100%        5
 Irradiate                Conj/Tmut      2%         3d14      100%        5
 Metabolic Englaciation   Hex/Ice        2%         N/A       100%        5
 Dispersal                Tloc           2%         N/A       100%        6
 Eringya's Noxious Bog    Tmut/Pois      2%         N/A       100%        6
 Statue Form              Tmut/Erth      3%         N/A       100%        6
 Dragon Form              Tmut           2%         N/A       100%        7
 Enfeeble                 Hex            2%         N/A       100%        7
 Ozocubu's Refrigeration  Ice            2%         4d5       100%        7
 Ignition                 Fire           2%         3d3       100%        8
 Animate Skeleton         Necr           Unusable   N/A       N/A         1
 Tukima's Dance           Hex            Unusable   N/A       N/A         3
 Animate Dead             Necr           Unusable   N/A       N/A         4
 Summon Ice Beast         Ice/Summ       Unusable   N/A       N/A         4
 Summon Mana Viper        Hex/Summ       Unusable   N/A       N/A         5
 Death Channel            Necr           Unusable   N/A       N/A         6
 Haunt                    Necr/Summ      Unusable   N/A       N/A         7
 Monstrous Menagerie      Summ           Unusable   N/A       N/A         7
 Infestation              Necr           Unusable   N/A       N/A         8

Inventory:

Hand Weapons
 a - a +9 demon trident of draining (weapon) {polearm}
   (You found it on level 6 of the Lair of Beasts)
 b - a +6 vorpal hunting sling {sling}
   (You found it on level 1 of the Orcish Mines)
 f - the +6 mace "Larcheg" {flame, Will+ Dex+2, mace}
   (You found it on level 5 of the Pits of Slime)

   It burns those it strikes, dealing additional fire damage.
   Dex:       It affects your dexterity (+2).
   Will:      It increases your willpower.
 r - a +3 morningstar of venom {mace}
   (Okawaru gifted it to you on level 2 of the Swamp)
 s - the +5 flail of Bankruptcy {vorpal, rPois rN++, mace}
   (You found it on level 5 of the Pits of Slime)

   It inflicts extra damage upon your enemies.
   rPois:     It protects you from poison.
   rN:        It greatly protects you from negative energy.
 v - a +2 eveningstar of freezing {macerare=g}
   (You found it in an ice cave)
 K - the +7 great mace "Undeadhunter" {disrupt, rN+, mace}
   (You found it on level 1 of the Orcish Mines)

   It inflicts significantly more damage against the undead.
   rN:        It protects you from negative energy.
 M - the +9 hand axe of Zirhystri {flame, Str+6, axe}
   (You found it on level 5 of the Pits of Slime)

   It burns those it strikes, dealing additional fire damage.
   Big, fiery blades are also staple armaments of hydra-hunters.
   Str:       It affects your strength (+6).
Missiles
 e - 44 poisoned darts (quivered)
 j - 257 bolts
 A - 6 atropa-tipped darts
 F - 419 sling bullets
 J - a curare-tipped dart {=f}
Armour
 g - the +0 hat of Ziodywnefi (worn) {rPois Int+4 Dex-2}
   (You found it on level 5 of the Pits of Slime)

   Int:       It affects your intelligence (+4).
   Dex:       It affects your dexterity (-2).
   rPois:     It protects you from poison.
 h - a +2 pair of gloves of infusion (worn)
   (You found it in an ice cave)
 n - a +5 tower shield of reflection (worn)
   (You took it off a naga warrior on level 2 of the Snake Pit)
 t - the +8 orange crystal plate armour (worn) {Archmagi, Int+3 Clar, rare=g}
   (Okawaru gifted it to you on level 13 of the Dungeon)

   Int:       It affects your intelligence (+3).
   Clar:      It protects you against confusion.
 w - a +1 kite shield of cold resistance
   (You found it in an ice cave)
 x - the +0 pair of boots of Otaloth (worn) {rC++ Int-5 Stlth+}
   (Okawaru gifted it to you on level 1 of the Orcish Mines)

   Int:       It affects your intelligence (-5).
   rC:        It greatly protects you from cold.
   Stlth:     It makes you more stealthy.
 N - a +0 cloak of preservation
   (Okawaru gifted it to you on level 11 of the Dungeon)
 R - the +2 cloak of the Bagpipe (worn) {SInv}
   (Okawaru gifted it to you on level 5 of the Lair of Beasts)

   SInv:      It lets you see invisible.
 S - a +2 plate armour of positive energy
   (You found it on level 1 of the Orcish Mines)
Jewellery
 p - a ring of protection from fire
   (You took it off a hobgoblin on level 2 of the Dungeon)
 q - a ring of see invisible
   (You found it on level 1 of the Lair of Beasts)
 B - a ring of protection from fire (left hand)
   (You found it on level 4 of the Lair of Beasts)
 D - the amulet of Adaine {Reflect Int+3 SH+5}
   (You found it in an ice cave)

   [amulet of reflection]

   It reflects blocked missile attacks.
   Int:       It affects your intelligence (+3).
   SH:        It affects your SH (+5).
 L - the ring of Oqoific (right hand) {rF- Will+ Int+8 Dex+4}
   (You acquired it on level 9 of the Dungeon)

   [ring of willpower]

   Int:       It affects your intelligence (+8).
   Dex:       It affects your dexterity (+4).
   rF:        It makes you vulnerable to fire.
   Will:      It increases your willpower.
 Q - an amulet of regeneration (around neck)
   (You found it on level 10 of the Dungeon)
 T - a ring of positive energy
   (You took it off a kobold demonologist on level 13 of the Dungeon)
 U - a ring of flight
   (You found it on level 5 of the Pits of Slime)
 V - a ring of positive energy
   (You found it in an ice cave)
Wands
 l - a wand of iceblast (18)
   (You found it on level 3 of the Dungeon)
 E - a wand of acid (15)
   (You found it on level 1 of the Lair of Beasts)
 G - a wand of flame (6)
   (You found it on level 8 of the Dungeon)
 H - a wand of polymorph (18)
   (You found it on level 7 of the Dungeon)
 P - a wand of mindburst (13)
   (You found it on level 1 of the Lair of Beasts)
 W - a wand of digging (8)
   (You found it on level 1 of the Swamp)
Scrolls
 k - 3 scrolls of fear
 m - 5 scrolls of magic mapping {!r}
 o - 2 scrolls of blinking {!r}
 C - 6 scrolls of teleportation {@r4}
 O - 3 scrolls of silence {!r}
 X - 2 scrolls of fog
 Y - 3 scrolls of holy word
 Z - 19 scrolls of identify {@r1}
Potions
 c - a potion of cancellation
 d - 3 potions of might
 i - 2 potions of resistance
 u - 8 potions of haste {@q3}
 z - 9 potions of curing {@q1}
 I - 3 potions of mutation {!q}

Dungeon Overview and Level Annotations

Branches:
Dungeon (15/15)            Temple (1/1) D:5            Lair (6/6) D:9
  Swamp (4/4) Lair:4        Snake (4/4) Lair:3        Slime (5/5) Lair:6
    Orc (2/2) D:9             Elf (1/3) Orc:2        Vaults (0/5) D:14
 Depths (0/4) D:15          Sewer (visited)           IceCv (visited)

Altars:
Ashenzari
Cheibriados
Dithmenos
Elyvilon
Fedhas
Gozag
Hepliaklqana
Kikubaaqudgha
Makhleb
Nemelex Xobeh
Okawaru
Qazlal
Ru
Sif Muna
Trog
Uskayaw
Vehumet
Wu Jian
Xom
Yredelemnul
Zin
The Shining One
Beogh
Jiyva

Shops:
D:1 !   D:3 ?   D:11 !   Orc:2 *([:   Snake:1 ?

Annotations:
D:7 1 runed translucent door, mdmota's ghost, novice HOFi
D:14 3 runed translucent doors, Cicylist's ghost, journeyman FoFi; Roxanne

≈≈≈ .♣ ≈≈.≈ ≈≈≈
≈≈.≈ ≈≈≈. ≈≈w≈≈
♣♣.§≈.
≈≈...♣♣♣♣♣..≈.≈.
≈≈..≈..§§♣.≈≈≈≈≈
≈≈....§≈§.≈≈≈≈≈≈
♣≈≈≈≈≈nwv≈x≈≈≈≈
♣♣.≈≈.@R≈≈≈≈.≈≈
♣♣...♣<.≈≈.♣♣≈
♣♣♣.≈.≈.≈§.♣
♣≈≈≈..≈≈.≈♣
♣≈≈≈≈.≈≈≈.♣♣
♣.≈≈≈§≈..≈≈♣
≈≈≈≈≈≈≈§≈...
§.≈≈≈§≈≈≈.♣≈?
≈....≈.≈.≈♣♣♣.


You could see a bunyip (strong, catching breath), an eleionoma (drained), a
will-o-the-wisp, a bog body and 2 swamp worms.


Message History

You take 3 damage, and now have 141/144 hp.
The will-o-the-wisp gestures.
The will-o-the-wisp conjures some foxfire!
You block the spriggan druid's attack. The bog body touches you!
The bog body freezes you.
You resist. 2 foxfires come into view. 😕 HP[-14] MP[+1]
You take 14 damage, and now have 127/144 hp.
You closely miss the swamp worm. Your headbutt misses the swamp worm.
The spriggan druid gestures wildly while chanting.
The forest starts to sway and rumble!
You block the swamp worm's attack.
The bog body touches you but does no damage. 😕 HP[+1]
You miss the swamp worm. Your headbutt misses the swamp worm.
A root smacks you from below! The foxfire hits you!
You feel threatened and lose the ability to read scrolls!
The foxfire hits you!! You block the swamp worm's attack.
The spriggan druid hits you but does no damage. 😮 HP[-51]
You take 51 damage, and now have 77/144 hp.
MASSIVE DAMAGE!! (PAUSE)
You puncture the eleionoma! A tree reaches out and hits you!
* * * LOW HITPOINT WARNING * * *
You block the bog body's attack. The swamp worm bites you.
* * * LOW HITPOINT WARNING * * *
You block the eleionoma's attack.
The spriggan druid calls out to the beasts of the wild! 😨 HP[-17] MP[-1]
You take 17 damage, and now have 60/144 hp.
You lost 1 mp, and now have 24/26 mp.
You cannot read scrolls in your current state!
Aiming: Duel (10% risk of failure)
Press: ? - help, Dir - move target, f - eleionoma
Aim: an eleionoma (wisps of flame, heavily wounded, lightly drained)
You fail to use your ability.
Trunks creak and shift.
You are hit by a branch!
* * * LOW HITPOINT WARNING * * *
You block the bog body's attack. You block the swamp worm's attack.
The eleionoma hits you but does no damage.
The spriggan druid gestures at you while chanting.
Your +5 tower shield of reflection reflects the stone arrow!
The stone arrow hits the spriggan druid!! 😨 HP[-9]
You take 9 damage, and now have 51/144 hp.
You can now deal lightning-fast blows.
Branches wave dangerously above you.
You are hit by a branch!
* * * LOW HITPOINT WARNING * * *
A bunyip comes into view.
You block the swamp worm's attack. You block the bog body's attack.
A swamp worm comes into view.
The will-o-the-wisp engulfs you but does no damage.
You block the eleionoma's attack.
The spriggan druid gestures wildly while chanting.
The spriggan druid is healed somewhat. 😨 HP[-7] MP[-5]
You take 7 damage, and now have 44/144 hp.
You lost 5 mp, and now have 19/26 mp.
You impale the spriggan druid!!
With its final breath, the spriggan druid offers up its power to the beasts of the wild!
The swamp worm is healed.
The bunyip is healed.
The swamp worm seems to grow more fierce.
The bunyip seems to grow more fierce.
The swamp worm seems to grow more fierce.
You kill the spriggan druid!
Okawaru accepts your kill.
You hear a splash. x2
The forest abruptly stops moving.
The swamp worm bites you!
* * * LOW HITPOINT WARNING * * *
You block the bog body's attack. 😱 HP[-13] MP[-1]
You take 13 damage, and now have 31/144 hp.
You lost 1 mp, and now have 18/26 mp.
You enter the shallow water.
Moving in this stuff is going to be slow.
The swamp worm fires a harpoon shot at you.
The harpoon shot hits you but does no damage.
The will-o-the-wisp gestures.
The will-o-the-wisp conjures some foxfire!
The bunyip howls a warning cry!
The swamp worm bites you but does no damage.
The swamp worm fires a harpoon shot at you.
The harpoon shot hits you but does no damage.
You block the bog body's attack.
The eleionoma hurls a spray of splinters at you.
The spray of wooden splinters misses you.
You block the swamp worm's attack. 2 foxfires come into view.
Things that are here:
a +0 quarterstaff {staff}; a +0 robe; 😱 HP[+2] MP[+1]
You regained 2 hp, and now have 33/144 hp.
The foxfire hits you!!
* * * LOW HITPOINT WARNING * * *
The foxfire hits you!
* * * LOW HITPOINT WARNING * * *
You block the swamp worm's attack. The eleionoma hits you!
You die...

Skill      XL: |  1  2  3  4  5  6  7  8  9 10 11 12 13 14 15 16 17 18 19 |
---------------+----------------------------------------------------------+-----
Slings         | 1 2 3 4 5 6 8 9 10 | 10.0
Maces & Flails | 1 2 3 5 6 7 8 9 10 11 12 | 12.1
Shields        | 4 5 6 7 9 10 11 12 13 14 15 17 19 | 19.4
Fighting       | 4 5 6 7 8 9 10 11 12 13 14 16 17 18 | 18.6
Armour         | 4 5 6 7 8 9 10 11 12 13 14 15 16 | 16.3
Axes           | 3 4 5 6 7 9 10 11 12 | 12.3
Invocations    | 2 3 4 6 7 8 9 10 11 | 11.2
Evocations     | 2 4 5 6 7 9 10 | 10.2
Polearms       | 2 3 5 9 11 12 | 12.7
Staves         | 2 3 5 |  5.0
Spellcasting   | 2 5 |  5.2

Action                   |  1- 3 |  4- 6 |  7- 9 | 10-12 | 13-15 | 16-18 | 19-21 || total
-------------------------+-------+-------+-------+-------+-------+-------+-------++-------
Melee: War axe           |    74 |       |   130 |   233 |   197 |       |       ||   634
       Headbutt          |     7 |    24 |    46 |   138 |   322 |   336 |   162 ||  1035
       Hand axe          |    10 |   177 |   119 |   308 |   190 |       |    19 ||   823
       Flail             |       |       |       |     7 |    37 |       |       ||    44
       Broad axe         |       |       |       |       |   509 |   117 |       ||   626
       Demon trident     |       |       |       |       |   511 |  1274 |   619 ||  2404
       Great mace        |       |       |       |       |    14 |       |       ||    14
       Eveningstar       |       |       |       |       |       |    14 |       ||    14
 Fire: Hunting sling     |       |       |     4 |   161 |   286 |   448 |    60 ||   959
Throw: Dart              |       |       |     9 |    36 |    26 |     5 |       ||    76
       Throwing net      |       |       |       |       |       |       |     4 ||     4
Invok: Heroism           |       |       |     4 |     5 |     7 |     5 |     2 ||    23
       Finesse           |       |       |       |     8 |    15 |    14 |     4 ||    41
Evoke: Wand              |       |       |       |       |    25 |    33 |     8 ||    66
       Phial of floods   |       |       |       |       |     1 |       |       ||     1
  Use: Potion            |       |     1 |     2 |     2 |     9 |     6 |    14 ||    34
       Scroll            |       |     2 |     3 |     9 |    15 |    12 |     4 ||    45
 Stab: Sleeping          |       |       |       |     1 |       |       |       ||     1
       Held in net/web   |       |       |       |       |       |       |     5 ||     5
Armor: Scale mail        |    39 |    85 |   125 |     9 |       |       |       ||   258
       Troll leather arm |       |       |       |    86 |       |       |       ||    86
       Plate armour      |       |       |       |   164 |       |       |       ||   164
       Crystal plate arm |       |       |       |    53 |   807 |   633 |   294 ||  1787
       Skin              |       |       |       |       |    29 |       |       ||    29
Dodge: Dodged            |    38 |    73 |    99 |   141 |   181 |   128 |    62 ||   722
Block: Buckler           |    17 |    34 |    62 |       |       |       |       ||   113
       Kite shield       |       |       |     3 |   369 |   854 |   180 |       ||  1406
       Tower shield      |       |       |       |       |       |   962 |   629 ||  1591
       Reflection        |       |       |       |       |       |    53 |    22 ||    75

Levels and vault maps discovered:
D:1:      dpeg_arrival_prison, layout_loops_ring, serial_shops, shop
D:2:      layout_loops_ring, shapermc_ecumenical_altar_notcrosses,
          kennysheep_nub, pf_guarded_unrand_delatra, uniq_crazy_yiuf_cottage,
          uniq_jessica
D:3:      layout_basic, gup_sewer_entry_glass, serial_shops,
          nicolae_shop_waterfront, serial_forest, infiniplex_forest_zigzag_1,
          infiniplex_forest_clump_C, infiniplex_forest_clump_cross,
          infiniplex_forest_lined_room_2, infiniplex_forest_lined_corner,
          infiniplex_forest_straight_3, infiniplex_forest_lined_ring,
          infiniplex_forest_straight_3, lexackson_kobold_supper
D:4:      layout_loops_ring, nicolae_overflow_quartered_altars, uniq_ijyb
D:5:      layout_cave_pools, minmay_temple_entry_fiery, minmay_curled_crystal,
          uniq_eustachio, uniq_duvessa
D:6:      layout_basic, mainiacjoe_overflow_tiny_flanked
D:7:      layout_cave_pools, ebering_ghost_reflecting_pool, st_stairs_9,
          uniq_prince_ribbit1, uniq_menkaure
D:8:      corexii_shack_village, layout_basic, ebering_dispersal_statue_hall,
          minmay_misc_feat_alley, uniq_maggie
D:9:      layout_cave_pods, dpeg_oklobed_lair, hiddenorc1_lemuel,
          nicolae_fountain_basement
D:10:     layout_cave_pools, overflow_temple_1_default, uniq_psyche
D:11:     nzn_winding_woodlands_small
          [nzn_winding_woodlands_5x15_pathside_ponds,
          nzn_winding_woodlands_center_diamonds,
          nzn_winding_woodlands_5x15_concentric], layout_rooms, serial_shops,
          nicolae_stop_n_shop_1
D:12:     layout_layer_cave, nicolae_straight_to_the_point
D:13:     layout_irregular_city, minmay_misc_feat_cross, nicolae_two_hexagons
D:14:     layout_cave_pools, david_vaults_4, gammafunk_ghost_hydra_chop,
          lemuel_tele_altar, uniq_roxanne, uniq_snorg
D:15:     hangedman_depths_entry_try_elsewhere_first, layout_cave_pools,
          minivault_14, minivault_22
Temple:   nicolae_temple_x_marks_the_god
Lair:1:   layout_roguey, special_room [special_room_bee],
          chequers_serial_rivers_micro_d
Lair:2:   layout_cellular_growth, chequers_serial_rivers_micro_b,
          minmay_stone_trees_medium, minivault_27, serial_bayou_ford_a,
          nicolae_quartered_pool_super
Lair:3:   cheibrodos_magma_flow, layout_regular_city,
          minmay_snake_entry_guardpost_small
Lair:4:   layout_gridlike, minmay_swamp_entry_worms, serial_bayou_pond_c,
          serial_bayou_shore_b
Lair:5:   layout_cellular_growth, special_room [special_room_mythical_zoo],
          grunt_megastairs_3
Lair:6:   gammafunk_lair_ancient_temple, layout_big_grid,
          minmay_slime_entry_oklob_enclosed, serial_bayou_pond_a, st_stairs_8,
          nicolae_lair_liquid_snakes
Swamp:1:  layout_basic_swamp, nicolae_swamp_big_swirl, uniq_jorgrun
Swamp:2:  layout_falls_marsh, serial_swamp_ruin, evilmike_swamp_ruin_rubble_2,
          evilmike_swamp_ruin_house_2, infiniplex_staircase_pool_2
Swamp:3:  layout_falls_marsh, evilmike_swamp_ruin_house_5
Swamp:4:  swamp_icy, layout_basic_swamp
Snake:1:  layout_chambers, serial_shops, nicolae_shop_stone
Snake:2:  layout_grid_maze, grunt_megastairs_1
Snake:3:  cheibrodos_toxic_ritual, layout_onion_interference, drop_trap,
          nicolae_snake_double_loop, nicolae_snake_gridmaze_squiggle,
          serial_bayou_lake_a
Snake:4:  snake_pit_salamanders_mu, layout_misc_corridors, basic_altar,
          portal_ice_cave_entry_pillars_1, uniq_kirke, uniq_donald
Slime:1:  layout_caves, nicolae_slime_barrier
Slime:2:  layout_caves
Slime:3:  layout_caves, cheibrodos_slime_lost_civilization_5
Slime:4:  layout_caves
Slime:5
Orc:1:    giant_chief_lemuel, layout_caves, uniq_gastronok, uniq_harold,
          uniq_maurice
Orc:2:    grunt_orc_cross, layout_diamond_mine
Elf:1:    minmay_elf_arrival_summoners, layout_gridlike,
          portal_desolation_entry_nicolae_menacing_earthworks, orc_legates,
          door_vault

Notes
Turn   | Place    | Note
-------+----------+-------------------------------------------
     0 | D:1      | AmazingTV the Minotaur Fighter began the quest for the Orb.
     0 | D:1      | Reached XP level 1. HP: 19/19 MP: 0/0
     0 | D:1      | magus.rc [v1.9.6]
    60 | D:1      | You pick up a book of Alchemy and begin reading...
    60 | D:1      | You add the spells Sublimation of Blood, Petrify and
                  | Irradiate to your library.
   127 | D:1      | Reached XP level 2. HP: 22/27 MP: 1/1
   226 | D:1      | Reached skill level 1 in Slings
   325 | D:1      | Found Umiypix's Distillery.
   378 | D:1      | Reached skill level 1 in Maces & Flails
   392 | D:1      | You pick up a book of Transfigurations and begin reading...
   392 | D:1      | You add the spells Blade Hands and Dragon Form to your
                  | library.
   412 | D:1      | Reached XP level 3. HP: 33/33 MP: 2/2
   829 | D:2      | Reached skill level 4 in Shields
   877 | D:2      | Reached skill level 4 in Fighting
  1186 | D:2      | Found a faded altar of an unknown god.
  1190 | D:2      | Reached skill level 2 in Slings
  1460 | D:2      | Found a runed translucent door.
  1460 | D:2      | Noticed Jessica
  1462 | D:2      | Noticed Crazy Yiuf
  1464 | D:2      | Killed Jessica
  1465 | D:2      | Reached skill level 4 in Armour
  1465 | D:2      | Reached XP level 4. HP: 40/40 MP: 3/3
  1471 | D:2      | HP: 5/40 [Crazy Yiuf (12)]
  1472 | D:2      | HP: 1/39 [poisoned by Crazy Yiuf]
  1474 | D:2      | Killed Crazy Yiuf
  1475 | D:2      | Reached skill level 3 in Axes
  1916 | D:2      | Found the +1 Delatra's gloves {ID++}
  1931 | D:2      | Reached XP level 5. HP: 46/46 MP: 4/4
  2045 | D:3      | Found a glowing drain.
  2060 | D:3      | Reached skill level 2 in Maces & Flails
  2068 | Sewer    | Entered a sewer
  2113 | Sewer    | Reached skill level 3 in Slings
  2261 | Sewer    | Reached XP level 6. HP: 42/53 MP: 5/5
  2982 | D:3      | Found Ufyon's Magic Scroll Shop.
  2996 | D:3      | Bought a scroll of identify for 22 gold pieces
  2996 | D:3      | Bought a scroll of teleportation for 33 gold pieces
  3595 | D:4      | Reached skill level 5 in Shields
  3670 | D:4      | Found an iron altar of Okawaru.
  3674 | D:4      | Became a worshipper of Warmaster Okawaru
  3696 | D:4      | Noticed Ijyb
  3714 | D:4      | Killed Ijyb
  3715 | D:4      | Reached skill level 3 in Maces & Flails
  3715 | D:4      | Reached skill level 4 in Slings
  3853 | D:4      | Found a stormy altar of Qazlal.
  3869 | D:4      | Reached skill level 5 in Fighting
  3869 | D:4      | Reached skill level 5 in Armour
  3869 | D:4      | Reached XP level 7. HP: 59/61 MP: 6/6
  3907 | D:4      | Reached skill level 4 in Axes
  4194 | D:4      | Found a glowing golden altar of the Shining One.
  4259 | D:4      | Reached * piety under Okawaru
  4345 | D:4      | Reached skill level 5 in Slings
  4383 | D:4      | Reached XP level 8. HP: 69/69 MP: 7/7
  4396 | D:4      | Reached skill level 4 in Maces & Flails
  4491 | D:4      | Found a glowing silver altar of Zin.
  4530 | D:5      | Entered Level 5 of the Dungeon
  4550 | D:4      | HP: 17/69 [poisoned by a scorpion]
  4554 | D:4      | HP: 8/69 [scorpion (2)]
  4558 | D:4      | HP: 3/70 [poisoned by a scorpion]
  4889 | D:5      | Reached skill level 1 in Invocations
  5155 | D:5      | Reached skill level 5 in Axes
  5328 | D:5      | Reached skill level 6 in Fighting
  5328 | D:5      | Reached skill level 6 in Armour
  5328 | D:5      | Reached skill level 6 in Shields
  5333 | D:5      | Reached skill level 6 in Slings
  5336 | D:5      | Reached skill level 2 in Invocations
  5391 | D:5      | Noticed Duvessa
  5414 | D:5      | Killed Duvessa
  5414 | D:5      | Reached ** piety under Okawaru
  5528 | D:5      | Noticed Eustachio
  5545 | D:5      | Killed Eustachio
  5546 | D:5      | Reached skill level 5 in Maces & Flails
  5546 | D:5      | Reached XP level 9. HP: 71/78 MP: 7/9
  5799 | D:5      | Found a staircase to the Ecumenical Temple.
  5829 | D:5      | Noticed Dowan
  5838 | D:5      | Killed Dowan
  5889 | Temple   | Entered the Ecumenical Temple
  6106 | D:6      | Found an ancient bone altar of Kikubaaqudgha.
  6244 | D:6      | Reached skill level 7 in Slings
  6372 | D:6      | Reached skill level 6 in Axes
  6586 | D:6      | Reached skill level 3 in Invocations
  6731 | D:6      | Reached *** piety under Okawaru
  6935 | D:7      | Found a runed translucent door.
  6936 | D:7      | Noticed mdmota's ghost (novice HOFi)
  7031 | D:7      | Noticed Menkaure
  7037 | D:7      | Killed Menkaure
  7038 | D:7      | Reached skill level 7 in Fighting
  7075 | D:7      | Reached skill level 7 in Armour
  7075 | D:7      | Reached skill level 7 in Shields
  7365 | D:7      | Reached skill level 6 in Maces & Flails
  7373 | D:7      | Reached skill level 8 in Slings
  7560 | D:7      | Reached **** piety under Okawaru
  7563 | D:7      | Received a gift from Okawaru
  7572 | D:7      | Reached XP level 10. HP: 72/86 MP: 11/11
  7742 | D:7      | Noticed Prince Ribbit
  7759 | D:7      | Killed Prince Ribbit
  8408 | D:8      | Reached skill level 7 in Axes
  8408 | D:8      | Reached skill level 4 in Invocations
  8452 | D:8      | Reached skill level 1 in Evocations
  8723 | D:8      | You fall into a shaft and drop 2 floors!
  8723 | D:10     | Entered Level 10 of the Dungeon
  8744 | D:10     | Noticed a cyclops
  8766 | D:10     | Killed a cyclops
  8766 | D:10     | Received a gift from Okawaru
  8808 | D:10     | Reached skill level 8 in Shields
  8885 | D:10     | Noticed Psyche
  8892 | D:10     | Gained mutation: You sometimes lose the ability to read
                  | scrolls when taking damage. [potion of mutation]
  8892 | D:10     | Gained mutation: You have a somewhat thin skeletal
                  | structure. (Dex +2, Stealth+) [potion of mutation]
  8892 | D:10     | Gained mutation: You are partially covered in large bone
                  | plates. (SH +4) [potion of mutation]
  8892 | D:10     | Gained mutation: You are partially covered in iridescent
                  | scales. (AC +2) [potion of mutation]
  8898 | D:10     | Found a burning altar of Makhleb.
  8905 | D:10     | Killed Psyche
  8906 | D:10     | Reached skill level 8 in Fighting
  8906 | D:10     | Reached skill level 7 in Maces & Flails
  8906 | D:10     | Reached skill level 2 in Evocations
  8907 | D:10     | Reached skill level 8 in Armour
  8962 | D:10     | Reached ***** piety under Okawaru
  9451 | D:11     | Reached skill level 9 in Shields
  9451 | D:11     | Reached XP level 11. HP: 95/95 MP: 13/13
  9467 | D:11     | Received a gift from Okawaru
  9468 | D:11     | Reached skill level 5 in Invocations
  9506 | D:11     | Noticed a centaur warrior
  9509 | D:11     | Noticed an ettin
  9566 | D:11     | Killed a centaur warrior
  9567 | D:11     | Reached skill level 8 in Axes
  9573 | D:11     | Killed an ettin
  9574 | D:11     | Reached skill level 3 in Evocations
  9583 | D:11     | Paralysed by a hornet for 1 turns
  9719 | D:11     | Received a gift from Okawaru
  9895 | D:11     | Found Jeusidd's Distillery.
  9916 | D:11     | Noticed a two-headed ogre
  9927 | D:11     | Killed a two-headed ogre
 10042 | D:11     | Received a gift from Okawaru
 10083 | D:11     | Reached skill level 9 in Fighting
 10083 | D:11     | Reached skill level 8 in Maces & Flails
 10083 | D:11     | Reached skill level 10 in Shields
 10408 | D:12     | Noticed a deep elf pyromancer
 10419 | D:12     | Killed a deep elf pyromancer
 10420 | D:12     | Reached skill level 9 in Armour
 10671 | D:12     | Reached skill level 6 in Invocations
 10671 | D:12     | Reached skill level 4 in Evocations
 10795 | D:12     | Noticed a deep elf pyromancer
 10805 | D:12     | Killed a deep elf pyromancer
 11052 | D:12     | Noticed a red ugly thing
 11068 | D:12     | Killed a red ugly thing
 11069 | D:12     | Reached skill level 9 in Axes
 11663 | D:13     | Noticed a red ugly thing
 11685 | D:13     | Killed a red ugly thing
 11686 | D:13     | Reached XP level 12. HP: 104/105 MP: 15/15
 11839 | D:13     | Noticed a death knight
 11878 | D:13     | Killed a death knight
 11885 | D:13     | Received a gift from Okawaru
 12040 | D:13     | You pick up a book of Dreams and begin reading...
 12040 | D:13     | You add the spells Ensorcelled Hibernation, Spider Form and
                  | Anguish to your library.
 12043 | D:13     | Noticed a boulder beetle
 12074 | D:13     | magus.rc [v1.9.6]
 12080 | D:13     | Killed a boulder beetle
 12081 | D:13     | Reached skill level 9 in Maces & Flails
 12164 | D:13     | Lost mutation: You have a somewhat thin skeletal structure.
                  | (Dex +2, Stealth+) [potion of mutation]
 12164 | D:13     | Lost mutation: You sometimes lose the ability to read
                  | scrolls when taking damage. [potion of mutation]
 12164 | D:13     | Lost mutation: You are partially covered in large bone
                  | plates. (SH +4) [potion of mutation]
 12164 | D:13     | Lost mutation: You are partially covered in iridescent
                  | scales. (AC +2) [potion of mutation]
 12164 | D:13     | Gained mutation: You are frail. (-10% HP) [potion of
                  | mutation]
 12164 | D:13     | Gained mutation: You are very frail. (-20% HP) [potion of
                  | mutation]
 12279 | D:13     | Noticed a centaur warrior
 12294 | D:13     | Killed a centaur warrior
 12295 | D:13     | Reached skill level 10 in Fighting
 12333 | D:13     | Noticed a boulder beetle
 12350 | D:13     | Killed a boulder beetle
 12617 | D:13     | Reached skill level 5 in Evocations
 12621 | D:13     | Received a gift from Okawaru
 12621 | D:13     | Found the +8 orange crystal plate armour {Archmagi, Int+3
                  | Clar, rare=g}
 12636 | D:13     | Reached skill level 10 in Armour
 12701 | D:14     | Noticed a boulder beetle
 12706 | D:14     | Noticed a seven-headed hydra
 12711 | D:14     | Killed a boulder beetle
 12712 | D:14     | Reached skill level 11 in Shields
 12722 | D:13     | Killed a four-headed hydra
 12829 | D:14     | Noticed a tengu warrior
 12830 | D:14     | Noticed a tengu warrior
 12831 | D:14     | Noticed a death knight
 12853 | D:13     | Reached skill level 7 in Invocations
 13150 | D:14     | Noticed Roxanne
 13154 | D:14     | Noticed a 14-headed hydra
 13155 | D:14     | Noticed a 12-headed hydra
 13155 | D:14     | Noticed Cicylist's ghost (journeyman FoFi)
 13156 | D:14     | Found a runed translucent gate.
 13156 | D:14     | Found a runed translucent gate.
 13157 | D:14     | Found a runed translucent gate.
 13213 | D:14     | Killed a death knight
 13214 | D:14     | Reached skill level 10 in Axes
 13410 | D:14     | Noticed a fire dragon
 13527 | D:14     | Found a broken altar of Ashenzari.
 13537 | D:14     | Noticed a two-headed ogre
 13550 | D:14     | Killed a two-headed ogre
 13649 | D:14     | Killed a tengu warrior
 13649 | D:14     | Killed a tengu warrior
 13650 | D:14     | Reached XP level 13. HP: 44/91 MP: 12/17
 13702 | D:15     | Entered Level 15 of the Dungeon
 13867 | D:15     | Reached skill level 10 in Maces & Flails
 13867 | D:15     | Reached skill level 12 in Shields
 13891 | D:15     | Noticed a dire elephant
 13902 | D:15     | Reached skill level 6 in Evocations
 13907 | D:15     | Killed a dire elephant
 13907 | D:15     | Received a gift from Okawaru
 13917 | D:15     | Reached skill level 11 in Fighting
 13930 | D:15     | Received a gift from Okawaru
 13941 | D:15     | HP: 22/92 [red ugly thing (5)]
 14049 | D:14     | Killed a fire dragon
 14212 | D:14     | Noticed Snorg
 14221 | D:14     | Killed Snorg
 14222 | D:14     | Reached skill level 11 in Armour
 14222 | D:14     | Reached skill level 8 in Invocations
 14367 | D:14     | Found a gate to the Vaults.
 14606 | D:9      | Found a staircase to the Lair.
 14840 | D:9      | Received a gift from Okawaru
 14853 | D:9      | Identified a scroll of acquirement
 14854 | D:9      | Acquired the ring of Oqoific {rF- Will+ Int+8 Dex+4}
 15281 | D:9      | Found a staircase to the Orcish Mines.
 15625 | D:8      | Noticed Maggie
 15653 | D:8      | Killed Maggie
 16279 | D:3      | Bought a scroll of holy word for 82 gold pieces
 16279 | D:3      | Bought a scroll of identify for 22 gold pieces
 16325 | D:1      | Bought a potion of cancellation for 96 gold pieces
 16325 | D:1      | Bought a potion of haste for 120 gold pieces
 16325 | D:1      | Bought a potion of heal wounds for 60 gold pieces
 16325 | D:1      | Bought 2 potions of might for 96 gold pieces
 16544 | Lair:1   | Entered Level 1 of the Lair of Beasts
 16745 | Lair:1   | Received a gift from Okawaru
 16746 | Lair:1   | Reached skill level 1 in Polearms
 16771 | Lair:1   | Reached skill level 1 in Staves
 17028 | Lair:1   | Received a gift from Okawaru
 17341 | Lair:1   | Received a gift from Okawaru
 17342 | Lair:1   | Reached skill level 11 in Axes
 17539 | Lair:2   | Reached skill level 2 in Polearms
 17539 | Lair:2   | Reached skill level 2 in Staves
 17566 | Lair:2   | You pick up a book of Rime and begin reading...
 17566 | Lair:2   | You add the spells Frozen Ramparts and Ice Form to your
                  | library.
 17636 | Lair:2   | You pick up a book of Beasts and begin reading...
 17688 | Lair:2   | Received a gift from Okawaru
 17758 | Lair:2   | You add the spells Olgreb's Toxic Radiance, Ozocubu's
                  | Refrigeration and Ignition to your library.
 17965 | Lair:2   | Reached XP level 14. HP: 91/99 MP: 19/19
 18117 | Lair:2   | Got Apnuat's Disquisition on Transformation
 18384 | Lair:3   | Received a gift from Okawaru
 18389 | Lair:3   | Reached skill level 11 in Maces & Flails
 18404 | Lair:3   | Reached skill level 3 in Polearms
 18443 | Lair:3   | Found a staircase to the Snake Pit.
 18832 | Lair:3   | Reached skill level 3 in Staves
 18943 | Lair:3   | Reached skill level 7 in Evocations
 19075 | Lair:3   | Reached ****** piety under Okawaru
 19143 | Lair:3   | You add the spells Conjure Flame, Ignite Poison and Sticky
                  | Flame to your library.
 19155 | Lair:3   | Received a gift from Okawaru
 19478 | Lair:4   | You pick up a book of Rime and begin reading...
 19540 | Lair:4   | You add the spells Gell's Gravitas, Teleport Other and
                  | Dispersal to your library.
 20083 | Lair:4   | Found a staircase to the Swamp.
 20301 | Lair:5   | Received a gift from Okawaru
 20339 | Lair:5   | You pick up a book of Vapours and begin reading...
 20339 | Lair:5   | You add the spells Poisonous Vapours and Corpse Rot to your
                  | library.
 20494 | Lair:5   | Reached skill level 13 in Shields
 20509 | Lair:5   | Reached skill level 12 in Fighting
 20664 | Lair:5   | Received a gift from Okawaru
 20746 | Lair:5   | Reached skill level 9 in Invocations
 20852 | Lair:5   | Received a gift from Okawaru
 20853 | Lair:5   | Reached skill level 12 in Armour
 21038 | Lair:5   | Received a gift from Okawaru
 21289 | Lair:5   | Identified the +2 cloak of the Bagpipe {SInv} (Okawaru
                  | gifted it to you on level 5 of the Lair of Beasts)
 21289 | Lair:5   | Received a gift from Okawaru
 21326 | Lair:5   | Reached skill level 12 in Axes
 21582 | Lair:6   | Entered Level 6 of the Lair of Beasts
 21731 | Lair:6   | Reached XP level 15. HP: 94/107 MP: 21/21
 21903 | Lair:6   | Reached skill level 14 in Shields
 21969 | Lair:6   | Reached skill level 12 in Maces & Flails
 21983 | Lair:6   | You pick up a book of Death and begin reading...
 22211 | Lair:6   | magus.rc [v1.9.6]
 22217 | Lair:6   | Reached skill level 8 in Evocations
 22247 | Lair:6   | You pick up a book of Maledictions and begin reading...
 22571 | Lair:6   | Found a staircase to the Slime Pits.
 22665 | Lair:6   | magus.rc [v1.9.6]
 23377 | Orc:1    | Entered Level 1 of the Orcish Mines
 23395 | Orc:1    | Received a gift from Okawaru
 23530 | Orc:1    | Noticed Harold
 23546 | Orc:1    | Killed Harold
 23546 | Orc:1    | Noticed Maurice
 23571 | Orc:1    | Killed Maurice
 23601 | Orc:1    | Received a gift from Okawaru
 23605 | Orc:1    | Noticed Gastronok
 23691 | Orc:1    | Killed Gastronok
 23794 | Orc:1    | Reached skill level 4 in Polearms
 24161 | Orc:1    | Reached skill level 4 in Staves
 24412 | Orc:1    | Noticed a fire giant
 24430 | Orc:1    | Killed a fire giant
 24430 | Orc:1    | Identified the +0 pair of boots of Otaloth {rC++ Int-5
                  | Stlth+} (Okawaru gifted it to you on level 1 of the Orcish
                  | Mines)
 24430 | Orc:1    | Received a gift from Okawaru
 24445 | Orc:1    | You are cast into the Abyss!
 24445 | Orc:1    | Cast into level 3 of the Abyss (ettin)
 24448 | Abyss:3  | magus.rc [v1.9.6]
 24601 | Abyss:3  | Noticed a bone dragon
 24654 | Abyss:3  | Killed a bone dragon
 24810 | Abyss:3  | Noticed a bone dragon
 25097 | Abyss:3  | Noticed a lich
 25107 | Abyss:3  | Noticed a tentacled starspawn
 25109 | Abyss:3  | Gained mutation: Your magical capacity is low. (-10% MP) [a
                  | neqoxec]
 25243 | Orc:1    | You pass through the gate.
 25243 | Orc:1    | Escaped the Abyss
 25255 | Orc:1    | Reached skill level 13 in Fighting
 25318 | Orc:1    | Found the +7 great mace "Undeadhunter" {disrupt, rN+}
 25331 | Orc:1    | Identified the +5 dagger "Plojy" {venom, Will+ Str+3}
 25391 | Orc:1    | Reached skill level 10 in Invocations
 25558 | Orc:2    | Entered Level 2 of the Orcish Mines
 25649 | Orc:2    | Reached skill level 13 in Armour
 25751 | Orc:2    | Reached skill level 9 in Evocations
 25783 | Orc:2    | Noticed Saint Roka
 25808 | Orc:2    | HP: 33/162 [Saint Roka/divine providence (17)]
 25813 | Orc:2    | Killed Saint Roka
 25900 | Orc:2    | Reached skill level 5 in Staves
 25943 | Orc:2    | Reached skill level 5 in Polearms
 25992 | Orc:2    | Found Surorgh's Antique Armour Boutique.
 25998 | Orc:2    | Found Diclerch's Book Boutique.
 26009 | Orc:2    | Found Beuhun's General Store.
 26015 | Orc:2    | Found Alec's Antique Weapon Boutique.
 26188 | Orc:2    | Bought a scroll of teleportation for 39 gold pieces
 26282 | Orc:2    | Found a staircase to the Elven Halls.
 26571 | Orc:2    | Bought a turquoise-encrusted chain mail for 180 gold pieces
 26571 | Orc:2    | Identified the +0 chain mail of True Grit {Rampage rPois
                  | rCorr Dex-2} (You bought it in a shop on level 2 of the
                  | Orcish Mines)
 26571 | Orc:2    | Bought a pair of runed gloves for 142 gold pieces
 26686 | Elf:1    | Entered Level 1 of the Elven Halls
 26935 | Snake:1  | Entered Level 1 of the Snake Pit
 27054 | Snake:1  | Found Kait Siask's Magic Scroll Boutique.
 27233 | Snake:1  | Reached skill level 9 in Slings
 27244 | Snake:1  | Reached XP level 16. HP: 115/115 MP: 13/20
 27250 | Snake:1  | Reached skill level 6 in Polearms
 27958 | Snake:1  | Bought 3 scrolls of enchant weapon for 382 gold pieces
 27958 | Snake:1  | Bought a scroll of enchant weapon for 127 gold pieces
 28224 | Snake:1  | Reached skill level 7 in Polearms
 28238 | Snake:1  | magus.rc [v1.9.6]
 28669 | Snake:1  | Received a gift from Okawaru
 29158 | Snake:2  | Reached skill level 8 in Polearms
 29164 | Snake:2  | HP: 23/116 [asphyx]
 29401 | Snake:2  | Received a gift from Okawaru
 29956 | Snake:2  | Reached skill level 14 in Fighting
 29956 | Snake:2  | Reached skill level 14 in Armour
 30204 | Snake:2  | Reached skill level 10 in Slings
 30536 | Snake:2  | magus.rc [v1.9.6]
 30536 | Snake:2  | magus.rc [v1.9.6]
 30767 | Snake:3  | Found a runed translucent door.
 30785 | Snake:3  | Received a gift from Okawaru
 30855 | Snake:3  | Received a gift from Okawaru
 31177 | Snake:3  | Reached skill level 9 in Polearms
 31341 | Snake:3  | Reached skill level 15 in Shields
 31359 | Snake:3  | Reached XP level 17. HP: 97/123 MP: 19/21
 31373 | Snake:3  | HP: 29/123 [shock serpent/bolt of electricity (21)]
 32432 | Snake:3  | Reached skill level 10 in Polearms
 32441 | Snake:3  | Identified the +1 ring mail "Yliehuoth" {rF+ rN+ Will-
                  | Slay+4}
 32449 | Snake:3  | Got Fybam's Grimoire of Enthralling Poisoning
 32523 | Snake:4  | Entered Level 4 of the Snake Pit
 32539 | Snake:4  | Reached skill level 15 in Fighting
 32539 | Snake:4  | Reached skill level 15 in Armour
 32625 | Snake:4  | Found a frozen archway.
 32642 | IceCv    | Entered an ice cave
 32860 | IceCv    | Noticed a golden dragon
 32898 | IceCv    | Killed a golden dragon
 33000 | IceCv    | Identified the amulet of Adaine {Reflect Int+3 SH+5}
 33135 | IceCv    | Received a gift from Okawaru
 33837 | Snake:4  | Reached skill level 11 in Polearms
 33894 | Snake:4  | You pick up a book of Necromancy and begin reading...
 33894 | Snake:4  | You add the spells Pain and Vampiric Draining to your
                  | library.
 34140 | Snake:4  | Received a gift from Okawaru
 34154 | Snake:4  | Reached skill level 1 in Spellcasting
 34194 | Snake:4  | Received a gift from Okawaru
 34215 | Snake:4  | Noticed Kirke
 34234 | Snake:4  | Killed Kirke
 34383 | Snake:4  | Identified a +0 crystal plate armour
 34383 | Snake:4  | Noticed Donald
 34411 | Snake:4  | Killed Donald
 34416 | Snake:4  | Received a gift from Okawaru
 34588 | Snake:4  | Identified the +7 chain mail of the Stag {Contam Fly rPois
                  | rC+} (Okawaru gifted it to you on level 4 of the Snake Pit)
 34588 | Snake:4  | Received a gift from Okawaru
 34657 | Snake:4  | Reached skill level 2 in Spellcasting
 34677 | Snake:4  | HP: 29/126 [salamander (11)]
 34681 | Snake:4  | Found an ancient bone altar of Kikubaaqudgha.
 35288 | Snake:4  | Reached skill level 16 in Fighting
 35540 | Snake:4  | Reached XP level 18. HP: 94/132 MP: 3/22
 35586 | Snake:4  | Reached skill level 12 in Polearms
 35719 | Snake:4  | Got a serpentine rune of Zot
 35972 | Snake:1  | Bought a scroll of blinking for 127 gold pieces
 35972 | Snake:1  | Bought a scroll of teleportation for 51 gold pieces
 35972 | Snake:1  | Bought a scroll of teleportation for 51 gold pieces
 36283 | D:3      | Bought a scroll of enchant armour for 82 gold pieces
 36627 | Slime:1  | Entered Level 1 of the Pits of Slime
 36756 | Slime:1  | Reached skill level 3 in Spellcasting
 37022 | Slime:1  | Reached skill level 16 in Shields
 37608 | Slime:2  | Received a gift from Okawaru
 38094 | Slime:2  | Identified the +3 chain mail "Ylim" {-Cast rF+ rN+}
                  | (Okawaru gifted it to you on level 2 of the Pits of Slime)
 38094 | Slime:2  | Received a gift from Okawaru
 38348 | Slime:2  | Reached skill level 4 in Spellcasting
 38689 | Slime:3  | Reached skill level 17 in Fighting
 39159 | Slime:5  | Entered Level 5 of the Pits of Slime
 39321 | Slime:5  | Reached skill level 17 in Shields
 39528 | Slime:5  | Gained mutation: Your magical capacity is very low. (-20%
                  | MP) [a shining eye]
 39556 | Slime:5  | Reached skill level 5 in Spellcasting
 39620 | Slime:5  | Received a gift from Okawaru
 39737 | Slime:3  | HP: 5/136 [disintegration (42)]
 39963 | Slime:5  | Identified the +6 ring mail "Imuvol" {rC+ rCorr Str+2}
                  | (Okawaru gifted it to you on level 5 of the Pits of Slime)
 39963 | Slime:5  | Received a gift from Okawaru
 40168 | Slime:5  | Noticed the Royal Jelly
 40177 | Slime:5  | Reached XP level 19. HP: 130/143 MP: 7/20
 40199 | Slime:5  | Reached skill level 18 in Shields
 40272 | Slime:5  | Reached skill level 18 in Fighting
 40426 | Slime:5  | Gained mutation: You occasionally shout uncontrollably at
                  | your foes. [a shining eye]
 40435 | Slime:5  | Gained mutation: Your magical capacity is extremely low.
                  | (-30% MP) [a shining eye]
 40438 | Slime:5  | Gained mutation: You sometimes lose the ability to read
                  | scrolls when taking damage. [a shining eye]
 40448 | Slime:5  | Found a viscous altar of Jiyva.
 40606 | Slime:5  | HP: 25/143 [rockslime[the Royal Jelly] (28)]
 40610 | Slime:5  | HP: 10/143 [rockslime[the Royal Jelly] (29)]
 40676 | Slime:5  | HP: 33/143 [acid[the Royal Jelly] (3)]
 40688 | Slime:5  | HP: 28/143 [acid blob/splash of acid[the Royal Jelly] (12)]
 40694 | Slime:5  | HP: 29/143 [acid blob/splash of acid[the Royal Jelly] (2)]
 41376 | Slime:5  | Killed the Royal Jelly
 41845 | Slime:5  | Identified the +5 chain mail "Jerphiqy" {Str-5 Dex+7}
 41848 | Slime:5  | Identified the +6 mace "Larcheg" {flame, Will+ Dex+2}
 41867 | Slime:5  | Identified the +0 hat of Ziodywnefi {rPois Int+4 Dex-2}
 41875 | Slime:5  | Identified the +5 flail of Bankruptcy {vorpal, rPois rN++}
 41877 | Slime:5  | Got a slimy rune of Zot
 41878 | Slime:5  | Identified the +2 robe of Impatience {rF+ Str+3}
 41961 | Slime:5  | You pick up a book of Geomancy and begin reading...
 41961 | Slime:5  | You add the spells Sandblast, Passwall and Stone Arrow to
                  | your library.
 41965 | Slime:5  | Identified the +0 plate armour of Mutaad {Will- Int-2
                  | Dex+9}
 41988 | Slime:5  | You pick up a book of Pain and begin reading...
 41988 | Slime:5  | You add the spells Agony and Excruciating Wounds to your
                  | library.
 41989 | Slime:5  | Identified the +9 hand axe of Zirhystri {flame, Str+6}
 42425 | Slime:1  | You fall into a shaft and drop 1 floor!
 42469 | Lair:6   | Lost mutation: Your magical capacity is extremely low.
                  | (-30% MP) [potion of mutation]
 42469 | Lair:6   | Lost mutation: You occasionally shout uncontrollably at
                  | your foes. [potion of mutation]
 42469 | Lair:6   | Gained mutation: You are agile. (Dex +2) [potion of
                  | mutation]
 42469 | Lair:6   | Gained mutation: You are very agile. (Dex +4) [potion of
                  | mutation]
 42469 | Lair:6   | Gained mutation: You have a somewhat thin skeletal
                  | structure. (Dex +2, Stealth+) [potion of mutation]
 42470 | Lair:6   | Lost mutation: You are very frail. (-20% HP) [potion of
                  | mutation]
 42470 | Lair:6   | Lost mutation: Your magical capacity is very low. (-20% MP)
                  | [potion of mutation]
 42470 | Lair:6   | Lost mutation: Your magical capacity is low. (-10% MP)
                  | [potion of mutation]
 42470 | Lair:6   | Gained mutation: You are very frail. (-20% HP) [potion of
                  | mutation]
 42470 | Lair:6   | Gained mutation: You are resistant to electric shocks.
                  | (rElec) [potion of mutation]
 42571 | Swamp:1  | Entered Level 1 of the Swamp
 42645 | Swamp:1  | Noticed Jorgrun
 42656 | Swamp:1  | Killed Jorgrun
 42657 | Swamp:1  | Reached skill level 16 in Armour
 42895 | Swamp:1  | Reached skill level 19 in Shields
 43057 | Swamp:1  | You pick up a book of Sloth and begin reading...
 43057 | Swamp:1  | You add the spells Metabolic Englaciation and Statue Form
                  | to your library.
 43377 | Swamp:2  | Reached skill level 10 in Evocations
 43461 | Swamp:2  | Reached skill level 11 in Invocations
 43520 | Swamp:2  | Received a gift from Okawaru
 44388 | Swamp:3  | You pick up a book of Decay and begin reading...
 44459 | Swamp:3  | Identified the +2 helmet of Ciuceis {Str+3}
 44823 | Swamp:4  | Entered Level 4 of the Swamp
 44836 | Swamp:4  | HP: 31/144 [swamp worm (13)]
 44838 | Swamp:4  | HP: 15/144 [will-o-the-wisp/foxfire (19)]
 44838 | Swamp:4  | HP: 3/144 [will-o-the-wisp/foxfire (12)]
 44838 | Swamp:4  | Mangled by an eleionoma

Vanquished Creatures
  the Royal Jelly (Slime:5)
  Saint Roka (Orc:2)
  A golden dragon (IceCv)
  A bone dragon (Abyss:3)
  Jorgrun (Swamp:1)
  Gastronok (Orc:1)
  35 acid blobs
  A thorn hunter (Swamp:2)
  Kirke (Snake:4)
  6 nagarajas
  22 rockslimes
  Donald (Snake:4)
  24 azure jellies
  A fire giant (Orc:1)
  15 quicksilver oozes
  5 bunyips
  A dire elephant (D:15)
  2 green deaths (Snake:3)
  Snorg (D:14)
  A fire dragon (D:14)
  A shambling mangrove (Swamp:3)
  2 ettins
  7 great orbs of eyes
  2 salamander tyrants
  Harold (Orc:1)
  6 boulder beetles
  5 ice dragons (IceCv)
  12 naga warriors
  14 hydras
  15 anacondas
  A merfolk avatar (Lair:6)
  2 death knights
  2 centaur warriors
  An ogre mage (Orc:1)
  3 two-headed ogres
  5 alligators
  2 tengu warriors (D:14)
  11 shock serpents
  7 thrashing horrors (Abyss:3)
  2 titan zombies (Orc:1)
  11 naga sharpshooters
  An orc high priest (Orc:2)
  A wretched star (Abyss:3)
  A skeletal warrior (D:14)
  A sixfirhy (Abyss:3)
  A fire crab (Lair:6)
  A goliath frog (Swamp:3)
  4 spriggan druids
  5 salamander mystics
  A flayed ghost (Abyss:3)
  10 sea snakes
  4 swamp dragons
  A glowing orange brain (Slime:5)
  An orange crystal statue (IceCv)
  14 naga ritualists
  A bog body (Swamp:2)
  5 orc knights
  5 deep elf pyromancers
  7 lindwurms
  4 deep elf zephyrmancers (Elf:1)
  A phantasmal warrior (D:14)
  2 oklob plants (Lair:6)
  18 mana vipers
  A cyclops (shapeshifter) (D:13)
  2 stone giant zombies (Orc:1)
  9 ugly things
  16 cyclopes
  3 orc sorcerers (Orc:2)
  4 shining eyes
  14 salamanders
  3 manticores
  2 will-o-the-wisps
  A worldbinder (Abyss:3)
  4 elephants
  9 guardian serpents
  47 black mambas
  20 naga magi
  3 torpor snails
  Maurice (Orc:1)
  2 gargoyles
  2 molten gargoyles (Lair:3)
  5 storm dragon simulacra (IceCv)
  13 cane toads
  Maggie (D:8)
  An eye of devastation (Slime:2)
  9 komodo dragons
  2 kobold demonologists (D:13)
  8 rime drakes
  Psyche (D:10)
  A freezing wraith (D:13)
  A tengu conjurer (D:14)
  4 golden dragon simulacra (IceCv)
  An efreet (D:14)
  2 ancient zymes (Abyss:3)
  2 wind drakes (Lair:6)
  A queen bee (Lair:1)
  4 trolls
  13 hornets
  3 polar bears (Lair:5)
  Prince Ribbit (D:7)
  2 raiju (Abyss:3)
  8 tyrant leeches
  A meliai zombie (D:11)
  118 slime creatures
  11 dream sheep
  2 snapping turtles (Lair:6)
  19 blink frogs
  A ynoxinul (Abyss:3)
  10 spriggans
  5 shadows
  A vampire (D:10)
  9 wyverns
  5 wraiths
  36 yaks
  Eustachio (D:5)
  A human (Snake:4)
  3 fire bats (Lair:4)
  6 hogs (Snake:4)
  10 golden eyes
  10 basilisks
  A neqoxec (Abyss:3)
  2 fire elementals
  3 steam dragons
  6 wargs
  8 swamp worms
  13 vampire mosquitoes
  31 nagas
  Duvessa (D:5)
  Menkaure (D:7)
  2 acid dragons
  13 water moccasins
  3 small abominations (Abyss:3)
  3 hell hounds
  2 ice beasts
  4 large abominations (Abyss:3)
  2 sky beasts
  26 orc warriors
  3 black bears
  2 necrophages
  A boggart (D:15)
  7 ice dragon simulacra (IceCv)
  13 ogres
  7 centaurs
  24 wolves
  A phantom (D:4)
  A wyvern zombie (D:7)
  5 kobold brigands
  12 bullfrogs
  5 scorpions
  Dowan (D:5)
  27 killer bees
  5 lindwurm simulacra (IceCv)
  4 electric eels
  6 howler monkeys
  7 lava snakes
  7 centaur zombies
  4 starcursed masses (Abyss:3)
  A hound (D:6)
  A jelly (D:4)
  Crazy Yiuf (D:2)
  9 orc priests
  2 gnoll shamans (D:8)
  A bullfrog skeleton (D:6)
  Jessica (D:2)
  3 centaur skeletons
  3 hell rats (Lair:5)
  Ijyb (D:4)
  4 iguanas
  22 orc wizards
  A howler monkey zombie (D:9)
  9 adders
  13 gnolls
  A shadow imp (D:6)
  5 white imps
  3 worms (D:2)
  2 dart slugs
  76 orcs
  18 ball pythons
  5 endoplasms
  20 giant cockroaches
  5 goblins
  10 hobgoblins
  4 jackals (D:2)
  28 kobolds
  10 quokkas
  3 bats
  12 frilled lizards
  10 rats
1345 creatures vanquished.

Vanquished Creatures (others)
  A wizard (D:14)
  A naga mage (Snake:3)
  A cane toad (Lair:6)
  A small abomination (Abyss:3)
  A naga (Snake:2)
  An orc wizard (D:15)
  A bush (Lair:5)
  8 foxfires
  27 fungi
  109 plants
151 creatures vanquished.

Grand Total: 1496 creatures vanquished

Table legend:
 A = Non-vault XP
 B = Vault XP
 C = Vault XP percentage of total XP
 D = Non-vault monster count
 E = Vault monster count
 F = Vault count percentage of total count
                 A         B        C        D         E       F
            +---------+---------+-------+---------+---------+-------
      Total |  289913 |  146863 |  33.6 |     911 |     386 |  29.8
            +---------+---------+-------+---------+---------+-------
        D:1 |      55 |       3 |   5.2 |      34 |       2 |   5.6
        D:2 |      34 |     117 |  77.5 |      13 |       5 |  27.8
        D:3 |     158 |      30 |  16.0 |      22 |      11 |  33.3
        D:4 |     923 |      36 |   3.8 |      26 |       1 |   3.7
        D:5 |    1227 |     424 |  25.7 |      17 |       3 |  15.0
        D:6 |     817 |       0 |   0.0 |      20 |       0 |   0.0
        D:7 |    1190 |     643 |  35.1 |      16 |       5 |  23.8
        D:8 |    1130 |     413 |  26.8 |      32 |       9 |  22.0
        D:9 |     875 |     181 |  17.1 |      13 |      17 |  56.7
       D:10 |    3571 |     379 |   9.6 |      17 |       1 |   5.6
       D:11 |    3077 |    2766 |  47.3 |      11 |       7 |  38.9
       D:12 |    4352 |       0 |   0.0 |      16 |       0 |   0.0
       D:13 |    9616 |     767 |   7.4 |      25 |       2 |   7.4
       D:14 |    8045 |    1827 |  18.5 |      13 |       2 |  13.3
       D:15 |    7620 |    1825 |  19.3 |      21 |       2 |   8.7
     Lair:1 |    5033 |    1348 |  21.1 |      17 |      18 |  51.4
     Lair:2 |    5762 |       0 |   0.0 |      25 |       0 |   0.0
     Lair:3 |    5688 |    1741 |  23.4 |      17 |      11 |  39.3
     Lair:4 |    4547 |    1024 |  18.4 |      15 |       4 |  21.1
     Lair:5 |   13707 |    6835 |  33.3 |      51 |      25 |  32.9
     Lair:6 |   10431 |    8281 |  44.3 |      37 |      24 |  39.3
    Swamp:1 |    7233 |    1913 |  20.9 |      21 |       1 |   4.5
    Swamp:2 |    9893 |       0 |   0.0 |      15 |       0 |   0.0
    Swamp:3 |   12309 |       0 |   0.0 |      25 |       0 |   0.0
    Swamp:4 |     744 |       0 |   0.0 |       1 |       0 |   0.0
    Snake:1 |   23103 |       0 |   0.0 |      42 |       0 |   0.0
    Snake:2 |   23756 |    3488 |  12.8 |      45 |       8 |  15.1
    Snake:3 |   25029 |    6146 |  19.7 |      43 |      12 |  21.8
    Snake:4 |   14684 |   37753 |  72.0 |      24 |      60 |  71.4
    Slime:1 |   21204 |       0 |   0.0 |      45 |       0 |   0.0
    Slime:2 |   14808 |       0 |   0.0 |      33 |       0 |   0.0
    Slime:3 |   14408 |       0 |   0.0 |      33 |       0 |   0.0
    Slime:4 |   13608 |    1300 |   8.7 |      22 |       1 |   4.3
    Slime:5 |   18373 |   26550 |  59.1 |      28 |      17 |  37.8
      Orc:1 |    1785 |   17334 |  90.7 |      37 |      34 |  47.9
      Orc:2 |    1118 |    8073 |  87.8 |       9 |      32 |  78.0
      Elf:1 |       0 |    3589 | 100.0 |       0 |       6 | 100.0
    Abyss:3 |       0 |       0 |   N/A |      30 |       4 |  11.8
      Sewer |       0 |     280 | 100.0 |       0 |      34 | 100.0
      IceCv |       0 |   11797 | 100.0 |       0 |      28 | 100.0
            +---------+---------+-------+---------+---------+-------

Illustrated notes

Table legend:
 A = Kills in this place as a percentage of kills in entire the game.
 B = Kills by you in this place as a percentage of kills by you in the entire game.
 C = Kills by friends in this place as a percentage of kills by friends in the entire game.
 D = Other kills in this place as a percentage of other kills in the entire game.
 E = Experience gained in this place as a percentage of experience gained in the entire game.
 F = Experience gained in this place divided by the number of levels of this place that you have seen.
                   A       B       C       D       E      F
               +-------+-------+-------+-------+-------+----------------------
         Total | 100.0 | 100.0 |   N/A | 100.0 | 100.0 | 10653.1
       Dungeon |  28.0 |  28.0 |   N/A |  20.0 |  11.9 | 3473.4
          Lair |  18.8 |  18.8 |   N/A |  20.0 |  14.7 | 10732.8
         Swamp |   4.9 |   4.9 |   N/A |   0.0 |   7.3 | 8023.0
     Snake Pit |  18.0 |  18.0 |   N/A |  40.0 |  30.7 | 33489.8
    Slime Pits |  13.8 |  13.9 |   N/A |   0.0 |  25.2 | 22050.2
  Orcish Mines |   8.6 |   8.7 |   N/A |   0.0 |   6.5 | 14155.0
   Elven Halls |   0.5 |   0.5 |   N/A |   0.0 |   0.8 | 3589.0
         Abyss |   2.6 |   2.6 |   N/A |  20.0 |   0.0 |   0.0
         Sewer |   2.6 |   2.6 |   N/A |   0.0 |   0.1 | 280.0
      Ice Cave |   2.2 |   2.2 |   N/A |   0.0 |   2.7 | 11797.0
               +-------+-------+-------+-------+-------+----------------------

Table legend: (Time is in decaauts)
 A = Elapsed time spent in this place.
 B = Non-inter-level travel time spent in this place.
 C = Inter-level travel time spent in this place.
 D = Time resting spent in this place.
 E = Time spent auto-exploring this place.
 F = Levels seen in this place.
 G = Mean time per level.
                   A        B        C        D        E       F      G
               +--------+--------+--------+--------+--------+-----+--------+
         Total |  44039 |  38525 |   5514 |   5788 |  21103 |  41 | 1074.1 |
       Dungeon |  16400 |  14461 |   1939 |   2086 |   9207 |  15 | 1093.3 |
        Temple |     59 |     52 |      7 |      0 |     47 |   1 |   59.0 |
          Lair |   7106 |   6275 |    831 |    396 |   4272 |   6 | 1184.3 |
         Swamp |   2327 |   2220 |    107 |     37 |   1781 |   4 |  581.8 |
     Snake Pit |   7937 |   6911 |   1026 |   1174 |   3363 |   4 | 1984.2 |
    Slime Pits |   5444 |   4126 |   1318 |   1309 |    806 |   5 | 1088.8 |
  Orcish Mines |   2435 |   2157 |    278 |    172 |   1159 |   2 | 1217.5 |
   Elven Halls |     40 |     35 |      5 |     11 |      0 |   1 |   40.0 |
         Abyss |    710 |    710 |      0 |    239 |      0 |   1 |  710.0 |
         Sewer |    697 |    697 |      0 |     13 |    363 |   1 |  697.0 |
      Ice Cave |    878 |    878 |      0 |    350 |    104 |   1 |  878.0 |
               +--------+--------+--------+--------+--------+-----+--------+

Top non-repeatable levels by time:
 Snake:4: 2289 daAuts
 Snake:2: 2066 daAuts
 Snake:1: 1812 daAuts
  Lair:6: 1788 daAuts
 Slime:5: 1775 daAuts
 Snake:3: 1769 daAuts
    D:13: 1484 daAuts
    D:12: 1406 daAuts
     D:8: 1370 daAuts
   Orc:1: 1353 daAuts
     D:4: 1325 daAuts
     D:2: 1308 daAuts
     D:7: 1303 daAuts
     D:5: 1300 daAuts
  Lair:5: 1293 daAuts
